 Dungeon Crawl Stone Soup version 0.30-a0-1112-gfb780f5df6 (webtiles) character file.

Game seed: 16059022866104505329

1197 jasper the Carver (level 8, -18/58 HPs)
             Began as a Demonspawn Cinder Acolyte on Apr 19, 2023.
             Was an Elder of Ignis.
             Demolished by an ogre
             ... wielding a +0 giant spiked club
              (31 damage)
             ... on level 6 of the Dungeon.
             The game lasted 00:08:51 (4977 turns).

jasper the Carver (Demonspawn Cinder Acolyte)       Turns: 4977, Time: 00:08:52

Health: -18/58     AC: 15    Str: 14    XL:     8   Next: 20%
Magic:  0/9        EV: 10    Int: 23    God:    Ignis [****..]
Gold:   270        SH:  0    Dex: 10    Spells: 7/9 levels left

rFire   + . .      SeeInvis .    a - -1 falchion (flame)
rCold   . . .      Faith    .    (no shield)
rNeg    . . .      Spirit   +    d - +0 ring mail
rPois   +          Reflect  .    l - +0 helmet
rElec   .          Rampage  .    (no cloak)
rCorr   .                        B - +0 pair of gloves
Will    .....                    c - +0 pair of boots Stlth
                                 v - amulet of guardian spirit
HPRegen 0.29/turn                i - ring of poison resistance
MPRegen 0.11/turn                w - +6 ring of intelligence

@: fiery-armoured
A: powered by pain 1, demonic magic 2, weakness stinger 1
a: Renounce Religion, Fiery Armour, Foxfire Swarm, Rising Flame


You were on level 6 of the Dungeon.
You worshipped Ignis.
Ignis was greatly pleased with you.
You visited 1 branch of the dungeon, and saw 6 of its levels.

You collected 333 gold pieces.
You spent 63 gold pieces at shops.

Inventory:

Hand Weapons
 a - a -1 falchion of flaming (weapon)
 r - a +1 dagger of venom
 F - a +2 rapier of venom
Missiles
 f - 24 stones
 t - 10 poisoned darts
 H - 5 curare-tipped darts
Armour
 b - a +0 robe
 c - a +0 pair of boots (worn)
 d - a +0 ring mail (worn)
 l - a +0 helmet (worn)
 B - a +0 pair of gloves (worn)
Jewellery
 i - a ring of poison resistance (left hand)
 v - an amulet of guardian spirit (around neck)
 w - a +6 ring of intelligence (right hand)
Wands
 A - a wand of flame (43)
Scrolls
 g - 5 scrolls of identify {unknown}
 h - 2 scrolls of enchant weapon {unknown}
 k - 3 scrolls of teleportation {unknown}
 m - a scroll of brand weapon {unknown}
 o - a scroll of magic mapping {unknown}
 s - a scroll of enchant armour {unknown}
 y - a scroll of vulnerability {unknown}
 z - 2 scrolls of noise {unknown}
 C - a scroll of amnesia {unknown}
 D - a scroll of fear {unknown}
 E - a scroll of blinking {unknown}
 G - a scroll of acquirement {unknown}
Potions
 e - 3 potions of curing {unknown}
 j - 2 potions of attraction {unknown}
 n - 2 potions of lignification {unknown}
 p - 4 potions of ambrosia {unknown}
 q - a potion of brilliance {unknown}
 u - 2 potions of invisibility {unknown}
 x - a potion of cancellation {unknown}


   Skills:
 - Level 3.0 Fighting
 + Level 9.5 Long Blades
 - Level 1.0 Spellcasting
 - Level 2.6 Fire Magic


You had 7 spell levels left.
You knew the following spells:

 Your Spells              Type           Power      Damage    Failure   Level
a - Scorch                Fire           26%        2d6       14%         2

Your spell library contained the following spells:

 Spells                   Type           Power      Damage    Failure   Level
 Cigotuvi's Dreadful Rot  Necr/Pois/Air  2%         N/A       41%         2
 Sublimation of Blood     Necr           1%         N/A       41%         2
 Wereblood                Tmut           1%         N/A       41%         2
 Ignite Poison            Fire/Tmut/Pois 5%         N/A       52%         3
 Hailstorm                Conj/Ice       1%         3d3       65%         3
 Ice Form                 Ice/Tmut       1%         N/A       96%         4
 Freezing Cloud           Conj/Ice/Air   0%         6-21      100%        5
 Simulacrum               Ice/Necr       0%         N/A       100%        6
 Summon Hydra             Summ           0%         N/A       100%        7


Dungeon Overview and Level Annotations

Branches:
Dungeon (6/15)
 Temple: D:4-7

Altars:
Cheibriados
Dithmenos
Hepliaklqana
Sif Muna
Wu Jian

Shops:
D:1 [

Annotations:
D:6 Edmund


Innate Abilities, Weirdness & Mutations

You sometimes gain a little power by taking damage.
Spells you cast may paralyse nearby enemies.
You have a small tail.


Message History

The ogre hits you with a +0 giant spiked club.
You take 4 damage, and have 29/58 hp.
You now have 6/9 mp.
Casting: Scorch (safe; 14% risk of failure)
Press: ? - help, Q - select action, (/) - cycle Dir - look around, f - activate Flames lash Edmund but do no damage.
Malevolent energies surge around you.
You now have 4/9 mp.
Casting: Scorch (safe; 14% risk of failure)
Press: ? - help, Q - select action, (/) - cycle Dir - look around, f - activate Flames lash Edmund but do no damage.
Malevolent energies surge around you. The ogre barely misses you.
You now have 2/9 mp.
Okay, then.
Casting: Scorch (safe; 14% risk of failure)
Press: ? - help, Q - select action, (/) - cycle Dir - look around, f - activate Flames lash Edmund.
Edmund is lightly wounded.
Edmund's fire resistance burns away.
Malevolent energies surge around you.
Edmund suddenly stops moving!
The ogre is no longer more vulnerable to fire.
The ogre hits you with a +0 giant spiked club!!
* * * LOW HITPOINT WARNING * * *
You take 17 damage, and have 12/58 hp.
MASSIVE DAMAGE!!
You now have 0/9 mp.
A protective cloak of flame settles atop you.
You hit the ogre. You burn the ogre. You tail-slap the ogre.
The ogre is moderately wounded.
Edmund is no longer more vulnerable to fire.
The ogre hits you but does no damage.
The ogre is burned by your cloak of flames.
The ogre is heavily wounded.
You hit the ogre. You burn the ogre.
The ogre is severely wounded.
Edmund is no longer paralysed.
You barely miss the ogre.
The ogre is severely wounded.
The ogre closely misses you.
You barely miss the ogre.
The ogre is severely wounded.
The ogre hits you with a +0 giant spiked club!!
Ouch! That really hurt!
You die...

... .. ..# #..##. ###
#...... ###.##
###....... ##....#
####........#
#.....####@##.........
#.....#..#O#..##......
##....#...@.@......##.
#........#....###...#
#...###....##.# ##
#.<## ##......... #†.#
##.......# #..##
.>..#####
##..####...##


You could see Edmund and an ogre.

Vanquished Creatures
  A water moccasin (D:6)
  An ogre (D:4)
  3 phantoms (D:5)
  2 kobold brigands (D:5)
  2 scorpions
  A howler monkey (D:5)
  3 hounds
  3 sleepcaps
  3 iguanas
  4 gnolls (D:5)
  11 adders
  An ufetubus (D:5)
  A dart slug (D:2)
  3 orcs
  10 endoplasms
  3 giant cockroaches
  10 hobgoblins
  3 jackals (D:4)
  17 kobolds
  2 quokkas
  7 ball pythons
  2 bats (D:1)
  5 frilled lizards
  8 goblins
  3 rats
109 creatures vanquished.

Vanquished Creatures (others)
  5 foxfires (D:3)
5 creatures vanquished.

Grand Total: 114 creatures vanquished

Notes
Turn   | Place    | Note
-------+----------+-------------------------------------------
     0 | D:1      | jasper the Demonspawn Cinder Acolyte began the quest for
                  | the Orb.
     0 | D:1      | Reached XP level 1. HP: 18/18 MP: 2/2
    35 | D:1      | Reached skill level 3 in Long Blades
   109 | D:1      | Found a faded altar of an unknown god.
   147 | D:1      | Gained mutation: You sometimes gain a little power by
                  | taking damage. [demonic ancestry]
   147 | D:1      | Reached XP level 2. HP: 19/24 MP: 3/3
   422 | D:1      | Found Jugot's Armour Boutique.
   435 | D:1      | Bought a +0 helmet for 63 gold pieces
   821 | D:2      | Reached skill level 4 in Long Blades
   821 | D:2      | Reached XP level 3. HP: 29/29 MP: 4/4
   885 | D:2      | Found a shadowy altar of Dithmenos.
  1469 | D:3      | Found a shadowy altar of Dithmenos.
  1948 | D:3      | Reached XP level 4. HP: 31/35 MP: 5/5
  2319 | D:3      | Found a shimmering blue altar of Sif Muna.
  2546 | D:4      | Found a hazy altar of Hepliaklqana.
  2565 | D:4      | Found a snail-covered altar of Cheibriados.
  2688 | D:4      | Reached skill level 5 in Long Blades
  2727 | D:4      | Gained mutation: You have a small tail. [demonic ancestry]
  2727 | D:4      | Reached XP level 5. HP: 19/41 MP: 3/6
  2912 | D:4      | Found an ornate altar of the Wu Jian Council.
  3074 | D:4      | Reached skill level 6 in Long Blades
  3074 | D:4      | Gained mutation: Spells you cast may paralyse adjacent
                  | enemies. [demonic ancestry]
  3074 | D:4      | Reached XP level 6. HP: 19/47 MP: 7/7
  3413 | D:5      | Entered Level 5 of the Dungeon
  3464 | D:5      | Reached skill level 7 in Long Blades
  3672 | D:5      | Reached XP level 7. HP: 40/52 MP: 5/8
  3976 | D:5      | Reached skill level 8 in Long Blades
  4688 | D:5      | Reached skill level 9 in Long Blades
  4688 | D:5      | Gained mutation: Spells you cast may paralyse nearby
                  | enemies. [demonic ancestry]
  4688 | D:5      | Reached XP level 8. HP: 50/58 MP: 7/9
  4751 | D:6      | Learned a level 2 spell: Scorch
  4960 | D:6      | Noticed Edmund
  4977 | D:6      | Demolished by an ogre

Illustrated notes

Levels and vault maps discovered:
D:1:      erik_arrival_blinker_ship, layout_rooms,
          ebering_ecumenical_altar_sacrificial, serial_shops,
          nicolae_shop_hallway_plus
D:2:      layout_basic, basic_altar
D:3:      layout_basic, nicolae_dithmenos_shadow_blocks, lemuel_blue_sif_altar,
          corexii_shack, minmay_quantized
D:4:      minmay_evil_eye, layout_rooms, grunt_temple_overflow_open
D:5:      cheibrodos_thug_alley, layout_loops_ring, wad_floor_pattern_untrapped,
          grunt_ministairs_8
D:6:      layout_cave_pools, old_standard_altar,
          minmay_temple_entry_gardened_gates, minmay_crystal_water,
          chequers_serial_rivers_micro_e, due_unseen_surprise, uniq_edmund

Skill      XL: |  1  2  3  4  5  6  7 |
---------------+----------------------+-----
Long Blades    | 3 4 5 6 7 9 |  9.5
Fighting       | |  3.0
Spellcasting   | |  1.0
Fire Magic     | |  2.6

Action                     |  1- 3 |  4- 6 |  7- 9 || total
---------------------------+-------+-------+-------++-------
  Melee: Falchion          |   153 |   153 |   199 ||   505
         Tailslap          |       |    15 |    21 ||    36
         Punch             |       |       |     2 ||     2
  Throw: Stone             |       |     5 |    10 ||    15
   Cast: Scorch            |       |       |    11 ||    11
 Invoke: Foxfire Swarm     |     1 |       |       ||     1
         Fiery Armour      |       |     2 |     1 ||     3
   Stab: Paralysed         |       |       |     8 ||     8
 Armour: Ring mail         |    69 |    61 |    70 ||   200
         Robe              |     2 |       |       ||     2
  Dodge: Dodged            |    94 |    80 |    82 ||   256

Table legend: (Time is in decaauts)
 A = Elapsed time spent in this place.
 B = Non-inter-level travel time spent in this place.
 C = Inter-level travel time spent in this place.
 D = Time resting spent in this place.
 E = Time spent auto-exploring this place.
 F = Levels seen in this place.
 G = Mean time per level.
                   A        B        C        D        E       F      G
               +--------+--------+--------+--------+--------+-----+--------+
         Total |   4981 |   4862 |    119 |     68 |   3673 |   6 |  830.2 |
       Dungeon |   4981 |   4862 |    119 |     68 |   3673 |   6 |  830.2 |
               +--------+--------+--------+--------+--------+-----+--------+

Top non-repeatable levels by time:
     D:5: 1316 daAuts
     D:3: 1140 daAuts
     D:4: 863 daAuts
     D:2: 807 daAuts
     D:1: 625 daAuts
     D:6: 228 daAuts
